 Dungeon Crawl Stone Soup version 0.11.3 (console) character file.

217442 Lightli the Gelid (level 19, -16/114 HPs)
             Began as a Deep Elf Stalker on July 2, 2022.
             Was the Champion of Vehumet.
             Shot with a silver bolt by a yaktaur captain (26 damage)
             ... on Level 24 of the Dungeon on July 3, 2022.
             The game lasted 03:19:26 (58360 turns).

Lightli the Gelid (Deep Elf Stalker)               Turns: 58360, Time: 03:19:26

HP -16/114       AC 16     Str  7      XL: 19   Next: 23%
MP   7/43        EV 18     Int 26      God: Vehumet [******]
Gold 2923        SH  0     Dex 16      Spells: 14 memorised,  1 level left

Res.Fire  : . . .   See Invis. : +   b - staff of cold
Res.Cold  : + . .   Warding    : .   L - +4 steam dragon armour
Life Prot.: . . .   Conserve   : .   (no shield)
Res.Poison: .       Res.Corr.  : .   (helmet restricted)
Res.Elec. : .       Clarity    : +   c - +0 elf cloak
Sust.Abil.: . .     Spirit.Shd : .   o - +0 pair of gauntlets
Res.Mut.  : .       Rnd.Telep. : +   N - +0 pair of dwarf boots
Res.Rott. : .       Ctrl.Telep.: .   p - amulet of the gourmand
Gourmand  : +       Levitation : .   t - +4 ring of protection Ctrl.Flight: .
                                     g - ring of see invisible

@: about to teleport, very slightly contaminated, hasted, very quick, quite
resistant to hostile enchantments, stealthy
A: hooves 1, horns 1, clarity, +10% hp, screaming 1, slow metabolism 1,
teleportitis 1
a: Renounce Religion


You were on level 24 of the Dungeon.
You worshipped Vehumet.
Vehumet was exalted by your worship.
You were not hungry.

You visited 4 branches of the dungeon, and saw 37 of its levels.
You also visited: Labyrinth and Sewer.

You collected 3369 gold pieces.
You spent 466 gold pieces at shops.

Inventory:

Hand weapons
 a - a +5,+5 elven dagger {=f}
Armour
 c - a +0 elven cloak (worn)
 o - a +0 pair of gauntlets (worn)
 H - a +2 helmet of intelligence
 L - a +4 steam dragon armour (worn)
 N - a +0 pair of dwarven boots (worn)
Magical devices
 d - a wand of teleportation (4)
 h - a wand of polymorph other (10) (quivered)
 n - a wand of teleportation (4)
 w - a wand of enslavement (3)
 y - a wand of teleportation (3)
 A - a wand of invisibility (1)
 B - a wand of hasting (2)
 G - a wand of disintegration (7)
Comestibles
 i - a royal jelly
 m - a bread ration
 u - a meat ration
Jewellery
 e - an uncursed ring of teleportation
 g - a ring of see invisible (left hand)
 p - an amulet of the gourmand (around neck)
 r - an uncursed ring of sustain abilities
 s - an uncursed ring of ice
 t - a +4 ring of protection (right hand)
 x - an uncursed amulet of stasis
 J - an uncursed ring of life protection
Potions
 f - a potion of agility
 j - 4 potions of curing
 l - a potion of might
 q - 6 potions of restore abilities
 C - a potion of brilliance
 D - 4 potions of magic
Magical staves
 b - an uncursed staff of cold (weapon)
 P - an uncursed staff of air


   Skills:
 - Level 7.5 Fighting
 - Level 10.1 Short Blades
 - Level 9.0 Dodging
 - Level 2.4 Stealth
 - Level 8.3 Stabbing
 - Level 19.0 Spellcasting
 + Level 17.3 Conjurations
 - Level 8.9 Charms
 - Level 2.2 Translocations
 - Level 4.9 Transmutations
 - Level 20.3 Ice Magic
 - Level 7.7 Earth Magic
 - Level 8.3 Evocations


You had one spell level left.
You knew the following spells:

 Your Spells              Type           Power        Failure   Level  Hunger
a - Control Teleport      Chrm/Tloc      #######...   1%          4    None
b - Freezing Cloud        Conj/Ice/Air   ########..   1%          6    ##.....
c - Petrify               Trmt/Erth      #######..    1%          4    None
d - Dig                   Trmt/Erth      #######..    1%          4    None
e - Passwall              Trmt/Erth      #######...   1%          3    None
f - Blink                 Tloc           N/A          1%          2    None
g - Summon Butterflies    Summ           ####.....    1%          1    None
h - Sting                 Conj/Pois      #####        1%          1    None
i - Bolt of Cold          Conj/Ice       #########.   1%          6    ##.....
j - Summon Ice Beast      Ice/Summ       ########..   1%          4    None
k - Ozocubu's Armour      Chrm/Ice       #########.   0%          3    None
l - Orb of Destruction    Conj           ########..   1%          7    #####..
m - Apportation           Tloc           ######....   1%          1    None
n - Ice Storm             Conj/Ice       #########.   22%         9    #######


Dungeon Overview and Level Annotations

Branches:
Dungeon (24/27)            Temple (1/1) D:7             Orc (4/4) D:10
    Elf (0/3) Orc:3          Lair (8/8) D:10          Swamp (0/5) Lair:5
 Shoals (0/5) Lair:6        Snake (0/5) Lair:5        Slime (0/6) Lair:7
 Vaults (0/8) D:14

Altars:
Ashenzari
Cheibriados
Elyvilon
Fedhas
Kikubaaqudgha
Makhleb
Nemelex Xobeh
Okawaru
Sif Muna
Trog
Vehumet
Xom
Yredelemnul
Zin
the Shining One
Beogh
Jiyva

Shops:
D:8: / D:10: % D:14: / D:21: * D:24: *+ Orc:2: [ Orc:3: [ Orc:4: /*/[/

Portals:
Hell: D:21 D:22 D:23
Abyss: D:21
Pandemonium: D:21 D:22 D:23

Annotations
D:18 exclusion: door


Innate Abilities, Weirdness & Mutations

You have large cloven feet.
You have a pair of small horns on your head.
You possess an exceptional clarity of mind.
You are robust (+10% HP).
You occasionally shout uncontrollably.
You have a slow metabolism.
Space occasionally distorts in your vicinity.


Message History

* * * LOW HITPOINT WARNING * * *
You feel sick.
You feel a little better.
Drink which item? (? for menu, Esc to quit)
Okay, then.
Drink which item? (? for menu, Esc to quit)
You feel better.
The yaktaur captain shoots a silver bolt.
The silver bolt hits you! The silver sears you!
* * * LOW HITPOINT WARNING * * *
The yaktaur shoots a bolt.
The bolt hits you!
* * * LOW HITPOINT WARNING * * *
You aren't carrying any books or scrolls.
Drink which item? (? for menu, Esc to quit)
You feel better.
The yaktaur captain shoots a silver bolt.
The silver bolt hits you! The silver sears you!
You die...

#####+###
#..%...%#
###
#.%%....#
#..
#@...%..#
+..
#.......#
#..
#.......+
#..
#.)%....#
#..
#%..)c..#
#..
#....c..
#..
#......
#..
###+##
#.. ###


You could see a yaktaur captain and a yaktaur.

Vanquished Creatures
  Mara (D:19)
  Nikola (D:19)
  Rupert (Lair:7)
  Agnes (D:19)
  A fire giant (D:21)
  6 stone giants
  Azrael (D:17)
  A blizzard demon (D:17)
  Snorg (D:19)
  A minotaur (Lab)
  2 great orbs of eyes
  An ettin (D:21)
  2 dragons
  16 yaktaur captains
  Fannar (D:10)
  Harold (Lair:4)
  An ice dragon (D:23)
  5 hydras
  3 ogre magi
  A deep elf demonologist (D:17)
  3 death yaks (Lair:8)
  A wolf spider zombie (D:18)
  2 dancing weapons (D:14)
  2 draconians (shapeshifter)
  A rakshasa (D:20)
  13 centaur warriors
  2 fire giant skeletons
  Urug (D:12)
  A sphinx skeleton (D:19)
  4 stone giant skeletons
  3 skeletal warriors (D:15)
  4 very ugly things (D:23)
  2 frost giant skeletons
  12 hell knights (D:17)
  9 unseen horrors
  4 flayed ghosts
  11 orc knights
  3 wizards
  A lindwurm (shapeshifter) (D:14)
  15 hill giants
  6 orc sorcerers
  Joseph (Orc:4)
  3 wolf spiders
  A giant amoeba (D:17)
  An iron troll skeleton (D:23)
  2 red wasps
  4 griffons
  2 phantasmal warriors (D:21)
  3 spiny worms
  7 black mambas
  Maurice (D:12)
  2 griffon zombies (D:16)
  11 cyclopes
  An ice dragon zombie (D:14)
  A spiny worm zombie (D:19)
  2 elephant slugs
  3 orange demons (D:17)
  11 trolls
  16 yaktaurs
  2 hellwings (D:17)
  An eye of devastation (shapeshifter) (D:21)
  An ettin skeleton (D:23)
  A queen ant (Lair:7)
  42 slime creatures
  A griffon skeleton (D:16)
  An ice dragon skeleton (D:20)
  8 rock trolls
  A hill giant zombie (D:15)
  2 feature mimics
  28 spiny frogs
  Psyche (D:8)
  81 ugly things
  Sonja (D:13)
  A hill giant skeleton (D:16)
  4 giant leeches (Lair:8)
  A smoke demon (D:17)
  6 polar bears (Lair:8)
  A rock troll zombie (D:24)
  A spriggan (shapeshifter) (D:20)
  5 komodo dragons
  9 two-headed ogres
  A troll (shapeshifter) (D:22)
  22 blink frogs
  A deep troll skeleton (D:24)
  A rock troll skeleton (D:21)
  48 yaks
  13 grizzly bears
  A basilisk (D:16)
  6 wyverns
  A wraith (D:18)
  2 ynoxinuls (D:17)
  A chaos spawn (Orc:4)
  8 sharks
  2 trapdoor spiders
  Eustachio (D:8)
  4 fire drakes
  5 fire elementals (D:17)
  A wood golem (D:12)
  Grum (D:8)
  5 hungry ghosts
  22 vampire mosquitoes
  10 hippogriffs
  A redback (D:21)
  A deep elf fighter (D:21)
  3 war dogs (D:8)
  A yaktaur zombie (D:21)
  Edmund (D:6)
  A boulder beetle (Lair:6)
  2 manticores
  2 freezing wraiths
  21 soldier ants
  A hell hound (D:17)
  5 mottled dragons
  5 kobold demonologists (D:17)
  A necrophage (D:9)
  4 sky beasts
  A manticore skeleton (D:14)
  5 black bears (Lair:8)
  5 giant goldfish
  2 yaktaur skeletons (D:24)
  10 ice beasts
  A yellow wasp (D:9)
  A red devil (Orc:4)
  2 cyclops skeletons
  43 orc warriors
  A boulder beetle zombie (D:21)
  A troll skeleton (D:20)
  5 boring beetles
  30 centaurs
  23 ogres
  A yak skeleton (D:18)
  3 phantoms
  3 wargs
  A brain worm (D:17)
  6 big kobolds
  11 crocodiles
  30 giant frogs
  10 giant slugs
  10 water moccasins
  Blork the orc (D:4)
  4 insubstantial wisps
  3 agate snails
  A giant slug simulacrum (D:16)
  A basilisk skeleton (D:11)
  9 jellyfish
  21 killer bees
  An eye of draining (D:11)
  3 wights (D:11)
  6 goliath beetles
  9 electric eels
  A fire bat (D:22)
  A mottled dragon zombie (D:13)
  13 hounds
  8 crimson imps
  2 shadows (D:11)
  7 iguanas
  3 big kobold skeletons
  4 big fish
  25 orc priests
  19 worker ants
  6 scorpions
  2 hound skeletons
  30 orc wizards
  6 porcupines
  22 sheep
  A worker ant zombie (D:11)
  6 jellies
  9 boggarts
  A goliath beetle zombie (D:12)
  A mummy (D:7)
  18 adders
  3 gnolls (D:6)
  2 lemures (D:17)
  11 green rats
  2 humans
  2 adder zombies
  A giant centipede zombie (D:10)
  A scorpion zombie (D:5)
  2 adder skeletons
  3 giant mites
  3 worms
  3 ufetubi (D:17)
  A grey rat (Sewer)
  A bat skeleton (D:5)
  2 giant eyeballs
  5 giant geckos
  A gnoll skeleton (D:14)
  An ooze (D:4)
  192 orcs
  2 ball pythons
  26 hobgoblins
  23 jackals
  64 kobolds
  4 quokkas
  11 ant larvae (Lair:7)
  A ball python (shapeshifter) (D:21)
  17 bats
  9 giant cockroaches
  4 giant newts
  21 goblins
  A goblin skeleton (D:3)
  2 hobgoblin skeletons
  A jackal skeleton (D:3)
  27 rats
  A fungus (Lair:3)
  2 plants (Lair:8)
  56 toadstools
1581 creatures vanquished.

Vanquished Creatures (collateral kills)
  A giant gecko (Lair:1)
1 creature vanquished.

Vanquished Creatures (others)
  Boris (D:24)
  A hydra (Lair:2)
  A very ugly thing (D:23)
  A centaur warrior (D:22)
  A hill giant (D:10)
  An elf (D:9)
  4 humans (D:9)
  4 ugly things
  A komodo dragon (Lair:2)
  2 yaks
  A hippogriff (Lair:2)
  An orc warrior (D:10)
  A small abomination (Lair:1)
  2 centaurs
  A dwarf (D:9)
  2 crocodiles (Lair:2)
  A giant frog (Lair:8)
  A giant slug (Lair:3)
  A crimson imp (D:10)
  A goliath beetle (D:10)
  2 hounds
  An iguana (Lair:2)
  A hound skeleton (D:9)
  2 porcupines
  A halfling (D:9)
  A green rat (Lair:4)
  2 adders
  A giant centipede (Lair:2)
  2 worms
  5 orcs
  A jackal (Lair:4)
  A bat (Lair:1)
  13 fungi
  19 plants
  175 toadstools
256 creatures vanquished.

Grand Total: 1838 creatures vanquished

Notes
Turn   | Place    | Note
--------------------------------------------------------------
     0 | D:1      | Lightli, the Deep Elf Stalker, began the quest for the Orb.
     0 | D:1      | Reached XP level 1. HP: 12/12 MP: 2/2
   360 | D:1      | Reached XP level 2. HP: 5/16 MP: 5/5
   601 | D:1      | Reached skill level 3 in Spellcasting
   689 | D:1      | Learned a level 2 spell: Evaporate
  1253 | D:1      | Reached XP level 3. HP: 20/20 MP: 8/8
  1482 | D:2      | Reached skill level 4 in Spellcasting
  2178 | D:3      | Reached skill level 5 in Spellcasting
  2178 | D:3      | Reached XP level 4. HP: 15/25 MP: 9/13
  2518 | D:3      | Found a basalt altar of Yredelemnul.
  2535 | D:3      | Reached skill level 6 in Spellcasting
  2882 | D:4      | HP: 1/25 [you] (2)]
  2952 | D:4      | Reached XP level 5. HP: 17/29 MP: 15/17
  3929 | D:5      | Entered Level 5 of the Dungeon
  3970 | D:5      | Found a glowing golden altar of the Shining One.
  4109 | D:4      | Reached skill level 5 in Dodging
  4109 | D:4      | Reached XP level 6. HP: 16/34 MP: 20/20
  4166 | D:4      | Noticed Blork the orc
  4198 | D:4      | Killed Blork the orc
  4338 | D:5      | Noticed a centaur
  4366 | D:5      | Killed a centaur
  5035 | D:5      | Learned a level 4 spell: Petrify
  5111 | D:5      | Reached XP level 7. HP: 33/38 MP: 21/21
  5127 | D:5      | Reached skill level 1 in Earth Magic
  6854 | D:6      | Reached skill level 5 in Earth Magic
  6865 | D:6      | Reached XP level 8. HP: 40/43 MP: 17/23
  7008 | D:6      | Learned a level 4 spell: Dig
  7391 | D:6      | Noticed Edmund
  7428 | D:6      | Reached XP level 7. HP: 29/38 MP: 2/21
  7698 | D:6      | Killed Edmund
  7815 | D:6      | Found a glowing drain.
  7846 | Sewer    | Entered a sewer
  8217 | Sewer    | Found a white marble altar of Elyvilon.
  8439 | D:6      | Noticed a wyvern
  8538 | D:6      | Killed a wyvern
  8538 | D:6      | Reached XP level 8. HP: 27/43 MP: 4/23
  9276 | D:7      | Found an iron altar of Okawaru.
  9294 | D:7      | Reached skill level 5 in Stabbing
  9618 | D:7      | Noticed an unseen horror
  9620 | D:7      | Killed an unseen horror
  9839 | D:7      | Reached XP level 9. HP: 20/47 MP: 21/25
 10103 | D:7      | Found a staircase to the Ecumenical Temple.
 10110 | Temple   | Entered the Ecumenical Temple
 10217 | Temple   | Became a worshipper of Vehumet
 10616 | D:8      | Learned a level 3 spell: Passwall
 10632 | D:8      | Noticed Grum
 10653 | D:8      | Reached skill level 7 in Dodging
 10864 | D:8      | Killed Grum
 10864 | D:8      | Reached skill level 8 in Dodging
 11224 | D:8      | Reached skill level 9 in Dodging
 11691 | D:9      | Got a faintly glowing dire flail
 11692 | D:9      | Identified the cursed dire flail "Teujau Fogu" {slay orc, SInv} (You found it on level 9 of the Dungeon)
 11707 | D:9      | Noticed a human
 11711 | D:9      | Killed a human
 11716 | D:9      | Found a burning altar of Makhleb.
 11717 | D:9      | Noticed a human
 11717 | D:9      | Noticed an elf
 11720 | D:9      | Killed a human
 11722 | D:9      | Killed an elf
 12268 | D:9      | Acquired Vehumet's first power
 13123 | D:9      | Reached XP level 10. HP: 37/52 MP: 17/28
 13505 | D:8      | Noticed Psyche
 13527 | D:8      | Killed Psyche
 13831 | D:8      | Found Naig's Magical Wand Emporium.
 13843 | D:8      | Bought a wand of teleportation (5) for 378 gold pieces
 13935 | D:8      | Noticed Eustachio
 13939 | D:8      | Killed Eustachio
 14377 | D:9      | Reached skill level 5 in Short Blades
 14381 | D:10     | Entered Level 10 of the Dungeon
 14463 | D:10     | Learned a level 2 spell: Blink
 14482 | D:10     | Noticed a hill giant
 14494 | D:10     | Banished a hill giant
 14844 | D:10     | Gained mutation: You are agile (Dex +1). [mutagenic meat]
 14883 | D:10     | Found a staircase to the Lair.
 15102 | D:10     | Found a staircase to the Orcish Mines.
 15110 | D:10     | Found Saet's Food Shoppe.
 15165 | D:10     | Found a roughly hewn altar of Beogh.
 15459 | D:10     | Noticed Fannar
 15487 | D:10     | Killed Fannar
 15902 | D:10     | Found a bloodstained altar of Trog.
 15931 | D:10     | Acquired Vehumet's second power
 16015 | Lair:1   | Entered Level 1 of the Lair of Beasts
 16282 | Lair:1   | Found a bloodstained altar of Trog.
 16286 | Lair:1   | Reached XP level 11. HP: 50/56 MP: 24/29
 16620 | Lair:1   | Reached skill level 10 in Short Blades
 17082 | Lair:1   | Reached skill level 1 in Fighting
 17630 | Lair:2   | Acquired Vehumet's third power
 18298 | Lair:2   | Reached skill level 5 in Fighting
 18341 | Lair:2   | Noticed a five-headed hydra
 18350 | Lair:2   | Banished a five-headed hydra
 19011 | Lair:3   | Learned a level 4 spell: Control Teleport
 19767 | Lair:4   | Found a burning altar of Makhleb.
 20084 | Lair:4   | Paralysed by miscasting Control Teleport for 4 turns
 20381 | Lair:4   | Noticed Harold
 20497 | Lair:4   | Killed Harold
 20569 | Lair:4   | Noticed a four-headed hydra
 21059 | Lair:4   | Killed a four-headed hydra
 21059 | Lair:4   | Reached XP level 12. HP: 68/68 MP: 26/32
 21179 | Lair:5   | Found a staircase to the Snake Pit.
 21307 | Lair:5   | Found a labyrinth entrance.
 21317 | Lab      | Entered a labyrinth
 21666 | Lab      | Noticed a minotaur
 21680 | Lab      | Killed a minotaur
 21685 | Lab      | Got a levitating book
 21687 | Lab      | Identified Uheasmev's Tome of Confrontation and Toxins (You found it in a labyrinth)
 21702 | Lab      | Got a black book
 21703 | Lab      | Identified the Guide on Hexes and Summoning (You found it in a labyrinth)
 21704 | Lab      | Identified a +2 rod of striking (6/6) (You found it in a labyrinth)
 21712 | Lab      | Learned a level 1 spell: Summon Butterflies
 21714 | Lab      | Learned a level 1 spell: Sting
 21739 | Lair:5   | Reached skill level 1 in Conjurations
 21906 | Lair:5   | Found a staircase to the Swamp.
 22524 | Lair:6   | Acquired Vehumet's fourth power
 22530 | Lair:6   | Reached skill level 5 in Conjurations
 23311 | Lair:5   | Learned a level 6 spell: Bolt of Cold
 23971 | Lair:6   | Found a staircase to the Shoals.
 24252 | Lair:6   | Reached skill level 5 in Ice Magic
 24569 | Lair:6   | Found a frozen archway.
 24579 | Lair:6   | the frozen archway was a mimic.
 25434 | Lair:7   | Noticed Rupert
 25450 | Lair:7   | Killed Rupert
 25450 | Lair:7   | Reached skill level 10 in Ice Magic
 25599 | Lair:7   | Reached XP level 13. HP: 54/72 MP: 28/32
 25617 | Lair:7   | Found a staircase to the Slime Pits.
 25974 | Lair:7   | Reached skill level 11 in Ice Magic
 26845 | Lair:7   | Found a viscous altar of Jiyva.
 26870 | Lair:7   | Noticed a five-headed hydra
 26886 | Lair:7   | Killed a five-headed hydra
 26886 | Lair:7   | Reached skill level 12 in Ice Magic
 27610 | Lair:5   | Learned a level 6 spell: Freezing Cloud
 27741 | Lair:8   | Entered Level 8 of the Lair of Beasts
 28445 | Lair:8   | Reached skill level 10 in Conjurations
 29252 | Lair:8   | Noticed a five-headed hydra
 29385 | Lair:8   | Reached skill level 13 in Ice Magic
 29626 | Lair:8   | Killed a five-headed hydra
 29946 | Lair:8   | Reached XP level 14. HP: 75/78 MP: 30/34
 30370 | Lair:8   | Reached skill level 14 in Ice Magic
 30771 | Lair:8   | Received a gift from Vehumet
 31168 | Lair:8   | Reached skill level 15 in Ice Magic
 31513 | D:11     | Reached skill level 10 in Spellcasting
 32670 | D:12     | Noticed Urug
 32704 | D:12     | Killed Urug
 32739 | D:12     | Noticed Maurice
 32744 | D:12     | Killed Maurice
 33570 | D:12     | Found a roughly hewn altar of Beogh.
 33806 | Orc:1    | Entered Level 1 of the Orcish Mines
 33930 | Orc:2    | Reached skill level 1 in Evocations
 33965 | Orc:2    | Received a gift from Vehumet
 34106 | Orc:3    | Found a staircase to the Elven Halls.
 34652 | Orc:3    | Found Psaofaro's Armour Emporium.
 35037 | Orc:3    | Reached skill level 5 in Evocations
 35125 | Orc:4    | Entered Level 4 of the Orcish Mines
 35727 | Orc:4    | Found Onip Ode's Assorted Antiques.
 35727 | Orc:4    | Found Gho Pnaf's Magical Wand Shop.
 35944 | Orc:4    | Found Zunis Izi's Antique Armour Boutique.
 35946 | Orc:4    | Found Kolumn's Magical Wand Shoppe.
 36117 | Orc:4    | Received a gift from Vehumet
 36481 | Orc:4    | Found Otuthij's Magical Wand Boutique.
 36638 | Orc:4    | Noticed Joseph
 36894 | Orc:4    | Killed Joseph
 37051 | Orc:4    | Noticed a stone giant
 37055 | Orc:4    | Killed a stone giant
 37828 | Orc:2    | Found Qaqaumasm's Antique Armour Shop.
 37842 | Orc:2    | Bought a shiny helmet for 50 gold pieces
 38217 | D:13     | Noticed Sonja
 38220 | D:13     | Killed Sonja
 38278 | D:13     | Reached XP level 15. HP: 72/82 MP: 15/37
 38762 | D:13     | Gained mutation: You are partially covered in slimy green scales (AC +1). [mutagenic meat]
 38763 | D:13     | Gained mutation: Your muscles are strong (Str +1). [mutagenic meat]
 38764 | D:13     | Gained mutation: You have large cloven feet. [mutagenic meat]
 38886 | D:13     | Found a blossoming altar of Fedhas.
 39123 | D:14     | Entered Level 14 of the Dungeon
 39177 | D:14     | Received a gift from Vehumet
 39350 | D:14     | Learned a level 4 spell: Summon Ice Beast
 39579 | D:14     | Found a staircase to the Vaults.
 39727 | D:14     | Found Klet Qesh's Magical Wand Shoppe.
 39729 | D:14     | Got a warped staff
 39730 | D:14     | Identified the cursed staff of Ygycof {speed, +Blink rPois} (You found it on level 14 of the Dungeon)
 40125 | D:14     | Found a shimmering altar of Xom.
 40409 | D:14     | Gained mutation: Space occasionally distorts in your vicinity. [mutagenic meat]
 40622 | D:9      | Gained mutation: Your muscles are strong, but stiff (Str +1, Dex -1). [potion of mutation]
 40623 | D:9      | Lost mutation: You have large cloven feet. [potion of mutation]
 40922 | D:14     | Reached skill level 15 in Conjurations
 40964 | D:15     | Entered Level 15 of the Dungeon
 41041 | D:15     | Gained mutation: You are agile (Dex +2). [potion of gain dexterity]
 41532 | D:15     | Lost mutation: Your muscles are strong, but stiff (Str +1, Dex -1). [mutagenic meat]
 41533 | D:15     | Lost mutation: Your muscles are strong (Str +1). [mutagenic meat]
 41856 | D:15     | Learned a level 3 spell: Ozocubu's Armour
 42594 | D:16     | Reached skill level 15 in Spellcasting
 43310 | D:17     | Reached XP level 16. HP: 90/90 MP: 39/39
 43765 | D:17     | Noticed Azrael
 43784 | D:17     | Killed Azrael
 44241 | D:17     | Received a gift from Vehumet
 44439 | D:17     | Reached skill level 16 in Ice Magic
 45195 | D:17     | Reached skill level 17 in Ice Magic
 45393 | D:17     | Found a burning altar of Makhleb.
 45509 | D:16     | Learned a level 7 spell: Orb of Destruction
 46603 | D:18     | Gained mutation: You tend to lose your temper in combat. [mutagenic meat]
 46682 | D:18     | Reached skill level 18 in Ice Magic
 47121 | D:18     | Gained mutation: You possess an exceptional clarity of mind. [mutagenic meat]
 47122 | D:18     | Gained mutation: You are weak (Str -1). [mutagenic meat]
 47563 | D:19     | Received a gift from Vehumet
 47723 | D:19     | Reached XP level 17. HP: 62/94 MP: 40/40
 47931 | D:19     | HP: 1/94 [stone giant skeleton (30)]
 47939 | D:19     | Noticed Agnes
 48326 | D:19     | Noticed Mara
 48329 | D:19     | Killed Mara
 48461 | D:19     | Killed Agnes
 48602 | D:19     | Noticed Nikola
 49878 | D:19     | Killed Nikola
 50394 | D:19     | Noticed Snorg
 50398 | D:19     | Killed Snorg
 50747 | D:20     | Entered Level 20 of the Dungeon
 51589 | D:20     | Reached skill level 19 in Spellcasting
 52947 | D:21     | Reached XP level 18. HP: 100/100 MP: 29/42
 53012 | D:21     | You fall through a shaft!
 53137 | D:23     | Learned a level 1 spell: Apportation
 53233 | D:22     | Found a gateway to Hell.
 53539 | D:22     | Found a one-way gate leading to the halls of Pandemonium.
 54358 | D:21     | Learned a level 9 spell: Ice Storm
 55078 | D:21     | Found a one-way gate to the infinite horrors of the Abyss.
 55080 | D:21     | Found Claugruss' Assorted Antiques.
 55090 | D:21     | Bought an emulsified inky potion for 38 gold pieces
 55091 | D:21     | Lost mutation: You are agile (Dex +2). [potion of cure mutation]
 55091 | D:21     | Lost mutation: You tend to lose your temper in combat. [potion of cure mutation]
 55091 | D:21     | Lost mutation: You are weak (Str -1). [potion of cure mutation]
 55091 | D:21     | Lost mutation: You are partially covered in slimy green scales (AC +1). [potion of cure mutation]
 55091 | D:21     | Lost mutation: You are agile (Dex +1). [potion of cure mutation]
 55804 | D:23     | Gained mutation: You occasionally shout uncontrollably. [mutagenic meat]
 56560 | D:23     | Gained mutation: You have large cloven feet. [mutagenic meat]
 56561 | D:23     | Gained mutation: You have a pair of small horns on your head. [mutagenic meat]
 56563 | D:23     | Gained mutation: You have a slow metabolism. [mutagenic meat]
 56708 | D:23     | Gained mutation: You are frail (-10% HP). [mutagenic meat]
 56709 | D:23     | Lost mutation: You are frail (-10% HP). [mutagenic meat]
 56843 | D:23     | Gained mutation: You are robust (+10% HP). [mutagenic meat]
 57080 | D:24     | Noticed Boris
 57400 | D:24     | Killed Boris
 57400 | D:24     | Reached skill level 20 in Ice Magic
 57400 | D:24     | Reached XP level 19. HP: 114/114 MP: 8/43
 58237 | D:24     | Found Bre Mali's General Store.
 58237 | D:24     | Found Faoghout's Book Shop.
 58359 | D:24     | HP: 3/114 [yaktaur/ bolt[a yaktaur captain] (14)]
 58360 | D:24     | Shot with a silver bolt by a yaktaur captain
